 Dungeon Crawl Stone Soup version 0.30-a0-1157-g2cc9ac7196 (webtiles) character file.

Game seed: 3784454338172446421

1517 voltaire321 the Covert (level 9, -15/52 HPs)
             Began as a Kobold Brigand on Apr 24, 2023.
             Demolished by a cyclops (19 damage)
             ... on level 6 of the Dungeon.
             The game lasted 00:17:06 (4911 turns).

voltaire321 the Covert (Kobold Brigand)             Turns: 4911, Time: 00:17:06

Health: -15/52     AC:  7    Str:  8    XL:     9   Next: 9%
Magic:  12/12      EV: 18    Int: 13    God:
Gold:   373        SH:  0    Dex: 26    Spells: 8/12 levels left

rFire   . . .        u - +8 arc blade {discharge, rElec}
rCold   . . .        (no shield)
rNeg    + . .        B - +1 robe {Will+}
rPois   .            (no helmet)
rElec   +            c - +0 cloak
rCorr   .            (no gloves)
SInv    .            b - +2 pair of boots {rampage}
Will    +....        (no amulet)
Stlth   ++++++       l - +6 ring of dexterity
HPRegen 0.28/turn    m - ring of positive energy
MPRegen 0.13/turn

%: rampage
@: studying Translocations
A: small, no large weapons, nightstalker 3
a: no special abilities


You were on level 6 of the Dungeon.
You visited 2 branches of the dungeon, and saw 7 of its levels.

You collected 373 gold pieces.

Inventory:

Hand Weapons
 a - a +2 dagger
 u - the +8 arc blade (weapon) {discharge, rElec}
   (You acquired it on level 4 of the Dungeon)

   rElec:     It insulates you from electricity.
Missiles
 d - 8 poisoned darts
 e - 3 curare-tipped darts (quivered)
Armour
 b - a +2 pair of boots of rampaging (worn)
 c - a +0 cloak (worn)
 B - a +1 robe of willpower (worn)
Magical Staves
 w - a staff of conjuration
Jewellery
 l - a +6 ring of dexterity (left hand)
 m - a ring of positive energy (right hand)
Wands
 x - a wand of iceblast (4)
Scrolls
 f - a scroll of identify
 k - a scroll of poison
 n - a scroll of fear
 s - a scroll of immolation
 A - a scroll of silence
Potions
 h - a potion of might
 i - 3 potions of flight
 j - 2 potions of lignification
 o - 2 potions of curing
 p - a potion of ambrosia
 r - 2 potions of mutation {unknown}
 t - 2 potions of attraction {unknown}
 z - a potion of magic
 C - a potion of degeneration {unknown}
 E - a potion of brilliance {unknown}


   Skills:
 + Level 4.4 Fighting
 * Level 6.1 Short Blades
 + Level 4.5 Throwing
 + Level 2.6 Armour
 + Level 4.4 Dodging
 + Level 8.4 Stealth
 + Level 2.1 Spellcasting
 + Level 2.4 Air Magic
 + Level 3.4 Evocations


You had 8 spell levels left.
You knew the following spells:

 Your Spells              Type           Power      Damage    Failure   Level
a - Airstrike             Air            3%         2d(1-17)  67%         4

Your spell library contained the following spells:

 Spells                   Type           Power      Damage    Failure   Level
 Shock                    Conj/Air       16%        1d4       16%         1
 Sandblast                Erth           2%         2d4       26%         1
 Swiftness                Air            7%         N/A       28%         3
 Passwall                 Tmut/Erth      0%         N/A       36%         2
 Stone Arrow              Conj/Erth      2%         3d7       58%         3


Dungeon Overview and Level Annotations

Branches:
Dungeon (6/15)             Temple (1/1) D:5

Altars:
Ashenzari
Cheibriados
Dithmenos
Elyvilon
Hepliaklqana
Kikubaaqudgha
Makhleb
Nemelex Xobeh
Okawaru
Qazlal
Ru
Sif Muna
Trog
Uskayaw
Vehumet
Wu Jian
Xom
Yredelemnul
Zin
The Shining One


Innate Abilities, Weirdness & Mutations

You are small and have problems with some larger weapons.
You are completely attuned to the shadows.


Message History

An adder comes into view.
The gnoll closely misses you.
Things that are here:
a +0 halberd; a +0 falchion; an orc corpse The adder hisses angrily.
You hit the gnoll.
The gnoll is moderately wounded.
The gnoll misses you.
You puncture the gnoll!
The arc blade crackles.
The gnoll is struck by an arc of lightning.
You kill the gnoll!
The adder is struck by an arc of lightning!
You kill the adder!
Your Spellcasting skill increases to level 2!
A sky beast comes into view.
You rampage towards the sky beast!
You catch the helpless sky beast completely off-guard!
You perforate the sky beast like a sieve!!!
You kill the sky beast!
Magic restored.
You now have 373 gold pieces (gained 16).
A cyclops comes into view.
The cyclops throws a large rock.
The large rock hits you!!!
Ouch! That really hurt!
* * * LOW HITPOINT WARNING * * *
You rampage towards the cyclops!
The cyclops closely misses you.
You puncture the cyclops!
The cyclops is moderately wounded.
You completely miss the cyclops.
The cyclops is moderately wounded.
The cyclops closely misses you.
A gnoll comes into view. It is wielding a +0 club.
You puncture the cyclops!
The cyclops is moderately wounded.
A gnoll comes into view. It is wielding a +0 spear.
The gnoll drinks a potion.
The gnoll seems to grow stronger.
You puncture the cyclops!
The cyclops is heavily wounded.
The cyclops hits you!!
You die...

######## .
#......# #.
#.####.#
..g####.####.#
#..C@......#.#
#..####†##.#.#
g. #)##†#.# .
#.)....#
####.### #.#
#.# #.# #.#


You could see a cyclops and 2 gnolls.

Vanquished Creatures
  Sigmund (D:3)
  Menkaure (D:4)
  A water moccasin (D:4)
  An orc warrior (D:5)
  A sky beast (D:6)
  2 black bears (D:5)
  A scorpion (D:5)
  A howler monkey (D:5)
  A hound (D:5)
  2 orc priests
  A gnoll bouda (D:5)
  2 sleepcaps (D:4)
  Jessica (D:3)
  3 iguanas
  3 orc wizards
  9 adders
  11 gnolls
  A white imp (D:5)
  A worm (D:3)
  6 dart slugs
  9 orcs
  5 bats
  9 endoplasms
  9 goblins
  9 hobgoblins
  13 jackals
  5 quokkas
  6 ball pythons
  2 frilled lizards (D:1)
  6 kobolds
  5 rats
128 creatures vanquished.

Vanquished Creatures (others)
  A fungus (D:3)
  4 toadstools (D:3)
5 creatures vanquished.

Grand Total: 133 creatures vanquished

Notes
Turn   | Place    | Note
-------+----------+-------------------------------------------
     0 | D:1      | voltaire321 the Kobold Brigand began the quest for the Orb.
     0 | D:1      | Reached XP level 1. HP: 12/12 MP: 1/1
    36 | D:1      | Reached XP level 2. HP: 18/18 MP: 2/2
   183 | D:1      | Reached XP level 3. HP: 22/22 MP: 3/3
   562 | D:1      | Reached XP level 4. HP: 24/27 MP: 4/4
   777 | D:2      | Reached skill level 6 in Stealth
   826 | D:2      | Reached skill level 1 in Armour
   967 | D:2      | Reached XP level 5. HP: 32/32 MP: 5/5
  1725 | D:3      | Found a burning altar of Makhleb.
  2097 | D:3      | Noticed Jessica
  2103 | D:3      | Killed Jessica
  2104 | D:3      | Reached XP level 6. HP: 26/37 MP: 6/6
  2295 | D:3      | Noticed Sigmund
  2298 | D:3      | Killed Sigmund
  2299 | D:3      | Reached skill level 7 in Stealth
  2299 | D:3      | Reached skill level 1 in Evocations
  2299 | D:3      | Reached XP level 7. HP: 41/41 MP: 7/7
  3347 | D:4      | Found a glowing silver altar of Zin.
  3352 | D:4      | Found a sacrificial altar of Ru.
  3362 | D:4      | Found a hide-covered altar of Uskayaw.
  3512 | D:4      | Learned a level 4 spell: Airstrike
  3518 | D:4      | Noticed Menkaure
  3521 | D:4      | Killed Menkaure
  3610 | D:5      | Entered Level 5 of the Dungeon
  3610 | D:5      | Noticed a water moccasin
  3616 | D:4      | Identified 3 scrolls of acquirement
  3616 | D:4      | Acquired the +8 arc blade {discharge, rElec}
  3616 | D:4      | Found the +8 arc blade {discharge, rElec}
  3627 | D:4      | Killed a water moccasin
  3628 | D:4      | Reached skill level 1 in Air Magic
  3628 | D:4      | Reached XP level 8. HP: 26/48 MP: 7/9
  3810 | D:4      | Acquired a manual of Translocations
  3812 | D:4      | Acquired a +0 pair of boots of rampaging
  3890 | D:5      | Reached skill level 5 in Short Blades
  3890 | D:5      | Reached skill level 1 in Spellcasting
  3973 | D:5      | Reached skill level 8 in Stealth
  4080 | D:5      | Found a staircase to the Ecumenical Temple.
  4086 | Temple   | Entered the Ecumenical Temple
  4699 | D:5      | Reached XP level 9. HP: 35/52 MP: 11/11
  4905 | D:6      | Noticed a cyclops
  4911 | D:6      | Demolished by a cyclops

Illustrated notes

Levels and vault maps discovered:
D:1:      saegor_arrival_simple_c, layout_basic
D:2:      layout_loops_ring, minmay_close_crescents
D:3:      layout_loops_ring, lightli_temple_of_fire, minmay_gold_behind_fungi,
          uniq_jessica, uniq_sigmund
D:4:      layout_loops_ring, minmay_overflow_temple_star_quad, uniq_menkaure
D:5:      layout_basic, minmay_temple_entry_mist
D:6:      layout_loops_cross, fedhas_bush_and_centaur_altar, uniq_pikel,
          uniq_eustachio
Temple:   regret_index_temple_sphere_string

Skill      XL: |  1  2  3  4  5  6  7  8  9 |
---------------+----------------------------+-----
Short Blades   | 3 4 5 6 |  6.1
Dodging        | 2 3 4 |  4.4
Stealth        | 6 7 8 |  8.4
Armour         | 1 2 |  2.6
Throwing       | 3 4 |  4.5
Fighting       | 3 4 |  4.4
Evocations     | 1 2 3 |  3.4
Air Magic      | 1 2 |  2.4
Spellcasting   | 1 2 |  2.1

Action                     |  1- 3 |  4- 6 |  7- 9 || total
---------------------------+-------+-------+-------++-------
  Melee: Dagger            |    41 |   141 |    42 ||   224
         Punch             |       |     1 |     1 ||     2
         Rapier            |       |       |    52 ||    52
  Throw: Dart              |       |    13 |    18 ||    31
    Use: Potion            |       |       |     6 ||     6
         Scroll            |       |       |    16 ||    16
   Stab: Sleeping          |    17 |    21 |    14 ||    52
         Distracted        |       |       |     1 ||     1
 Armour: Robe              |     2 |     9 |    17 ||    28
  Dodge: Dodged            |    13 |    87 |    53 ||   153

Table legend: (Time is in decaauts)
 A = Elapsed time spent in this place.
 B = Non-inter-level travel time spent in this place.
 C = Inter-level travel time spent in this place.
 D = Time resting spent in this place.
 E = Time spent auto-exploring this place.
 F = Levels seen in this place.
 G = Mean time per level.
                   A        B        C        D        E       F      G
               +--------+--------+--------+--------+--------+-----+--------+
         Total |   4865 |   4598 |    267 |    533 |   3000 |   7 |  695.0 |
       Dungeon |   4614 |   4361 |    253 |    533 |   2805 |   6 |  769.0 |
        Temple |    250 |    236 |     14 |      0 |    195 |   1 |  250.0 |
               +--------+--------+--------+--------+--------+-----+--------+

Top non-repeatable levels by time:
     D:4: 1214 daAuts
     D:3: 1023 daAuts
     D:2: 880 daAuts
     D:1: 715 daAuts
     D:5: 690 daAuts
  Temple: 250 daAuts
     D:6: 90 daAuts
